 Dungeon Sprint DCSS version 0.20-a0-1009-gc986637 (webtiles) character file.

184 Roshambo the Grappler (level 5, -10/55 HPs)
             Began as a Troll Monk on Apr 14, 2017.
             Was a Believer of Fedhas.
             Mangled by a catoblepas (13 damage)
             ... in the Dungeon (Sprint IX: "|||||||||||||||||||||||||||||").
             The game lasted 00:01:06 (344 turns).

Roshambo the Grappler (Troll Monk)                   Turns: 344, Time: 00:01:06

Health: -10/55     AC:  8    Str: 22    XL:     5   Next: 36%
Magic:  5/5        EV:  1    Int:  6    God:    Fedhas [**....]
Gold:   0          SH:  0    Dex: 13    Spells: 4/4 levels left

rFire    . . .     SeeInvis .     - Unarmed
rCold    . . .     Gourm    +   (no shield)
rNeg     + + +     Faith    .   a - +0 robe
rPois    ∞         Spirit   .   (helmet restricted)
rElec    .         Reflect  .   m - +0 cloak
rCorr    .         Harm     .   (gloves unavailable)
MR       .....     NoTele   +   (boots unavailable)
Stlth    ++........             (no amulet)
Regen    0.6/turn               n - +2 ring of protection
MPRegen  0.1/turn               o - +3 ring of strength

@: petrified
A: unfitting armour, claws 3, fast metabolism 3, gourmand, regeneration 1,
shaggy fur 1, tough skin 2
a: Fungal Bloom, Evolution, Sunlight, Renounce Religion


You were in the Dungeon.
You worshipped Fedhas.
Fedhas was pleased with you.
You were completely stuffed.

You visited 1 branch

Inventory:

Armour
 a - a +0 robe (worn)
 m - a +0 cloak (worn)
Jewellery
 n - a +2 ring of protection (left claw)
 o - a +3 ring of strength (right claw)
Wands
 l - a wand of acid (7/15)
Scrolls
 h - 2 scrolls of blinking
 j - 3 scrolls of remove curse
 k - 2 scrolls of amnesia
Potions
 c - a potion of invisibility
 d - 3 potions of heal wounds
 e - a potion of haste
 f - 4 potions of magic
 g - a potion of berserk rage
 i - 4 potions of curing
Comestibles
 b - 2 bread rations


   Skills:
 + Level 4.3 Fighting
 + Level 4.4 Dodging
 - Level 2.1 Stealth
 + Level 9.3 Unarmed Combat
 * Level 2.4 Invocations


You had 4 spell levels left.
You didn't know any spells.

Dungeon Overview and Level Annotations

Branches:
Dungeon (1/1)

Altars:
Cheibriados
Dithmenos
Elyvilon
Fedhas
Gozag
Hepliaklqana
Kikubaaqudgha
Makhleb
Nemelex Xobeh
Okawaru
Qazlal
Ru
Sif Muna
Trog
Uskayaw
Vehumet
Wu Jian
Xom
Yredelemnul
Zin
The Shining One
Beogh
Jiyva
Lugonu


Innate Abilities, Weirdness & Mutations

You are too large for most types of armour.
You have claws for hands.
Your metabolism is lightning-fast.
You like to eat raw meat.
Your natural rate of healing is unusually fast.
You are covered in fur. (AC +1)
You have very tough skin. (AC +2)


Message History

The catoblepas breathes a plume of calcifying dust at you.
The blast of calcifying dust hits you!
You claw the catoblepas!
The catoblepas is moderately wounded.
You are engulfed in calcifying dust.
Your limbs have turned to stone.
The catoblepas closely misses you.
The phantom blinks!
You have turned to stone.
You are engulfed in calcifying dust.
The catoblepas gores you.
* * * LOW HITPOINT WARNING * * *
The phantom hits you.
* * * LOW HITPOINT WARNING * * *
The phantom blinks!
The catoblepas gores you!
* * * LOW HITPOINT WARNING * * *
The worker ant waves its antennae.
The catoblepas gores you!
* * * LOW HITPOINT WARNING * * *
The catoblepas gores you!!
You die...
Fedhas appreciates your contribution to the ecosystem. ▓▓▓▓▓▓▓▓▓▓▓▓▓▓▓▓▓▓▓▓▓▓▓▓ +.oaulY@W....)'..[.[)|.. ▓▓▓▓▓▓▓▓▓▓▓▓▓▓▓▓▓▓▓▓▓▓▓▓

You could see a catoblepas, a brown ugly thing, a phantom, a basilisk, a worker ant and an orc.

Vanquished Creatures
  2 howler monkeys (D)
  A crimson imp (D)
  2 worker ants (D)
  2 adders (D)
  An orc (D)
  A bat skeleton (D)
  2 giant cockroaches (D)
  A quokka (D)
  A ball python (D)
  A goblin (D)
  2 kobolds (D)
16 creatures vanquished.

Notes
Turn   | Place    | Note
-------+----------+-------------------------------------------
     0 | D        | Roshambo the Troll Monk began the quest for the Orb.
     0 | D        | Reached XP level 1. HP: 23/23 MP: 0/0
     8 | D        | Reached skill level 1 in Unarmed Combat
     9 | D        | Reached skill level 2 in Unarmed Combat
    21 | D        | Reached skill level 3 in Unarmed Combat
   135 | D        | Noticed a howler monkey
   135 | D        | Noticed a crimson imp
   135 | D        | Noticed a worker ant
   140 | D        | Killed a worker ant
   140 | D        | Reached skill level 5 in Unarmed Combat
   140 | D        | Reached XP level 2. HP: 15/31 MP: 1/1
   146 | D        | Reached XP level 3. HP: 17/37 MP: 2/2
   150 | D        | Reached skill level 6 in Unarmed Combat
   154 | D        | Reached skill level 7 in Unarmed Combat
   154 | D        | Reached XP level 4. HP: 20/45 MP: 3/3
   160 | D        | Reached skill level 8 in Unarmed Combat
   174 | D        | Found a roughly hewn altar of Beogh.
   174 | D        | Found a snail-covered altar of Cheibriados.
   174 | D        | Found a shadowy altar of Dithmenos.
   174 | D        | Found a white marble altar of Elyvilon.
   174 | D        | Found a blossoming altar of Fedhas.
   174 | D        | Found an opulent altar of Gozag.
   175 | D        | Found a hazy altar of Hepliaklqana.
   176 | D        | Found a viscous altar of Jiyva.
   177 | D        | Found an ancient bone altar of Kikubaaqudgha.
   178 | D        | Found a corrupted altar of Lugonu.
   179 | D        | Found a burning altar of Makhleb.
   180 | D        | Found a sparkling altar of Nemelex Xobeh.
   181 | D        | Found an iron altar of Okawaru.
   182 | D        | Found a stormy altar of Qazlal.
   185 | D        | Became a worshipper of Fedhas Madash
   185 | D        | Reached * piety under Fedhas
   185 | D        | Reached ** piety under Fedhas
   201 | D        | Found a sacrificial altar of Ru.
   202 | D        | Found a deep blue altar of Sif Muna.
   203 | D        | Found a bloodstained altar of Trog.
   204 | D        | Found a hide-covered altar of Uskayaw.
   205 | D        | Found a radiant altar of Vehumet.
   206 | D        | Found an ornate altar of the Wu Jian Council.
   207 | D        | Found a shimmering altar of Xom.
   208 | D        | Found a basalt altar of Yredelemnul.
   209 | D        | Found a glowing silver altar of Zin.
   210 | D        | Found a glowing golden altar of the Shining One.
   253 | D        | Reached skill level 9 in Unarmed Combat
   253 | D        | Reached skill level 1 in Invocations
   260 | D        | Reached XP level 5. HP: 38/54 MP: 3/5
   328 | D        | Noticed a brown ugly thing
   328 | D        | Noticed a catoblepas
   328 | D        | Noticed a phantom
   328 | D        | Noticed a basilisk
   343 | D        | HP: 2/55 [catoblepas (5)]
   344 | D        | Mangled by a catoblepas

Vault maps used:
D:        linesprint

Skill      XL: |  1  2  3  4  5 |
---------------+----------------+-----
Unarmed Combat | 5 7 9 |  9.3
Invocations    | 1 2 |  2.4
Dodging        | 4 |  4.4
Fighting       | 4 |  4.3
Stealth        | |  2.1

Action                   |  1- 3 |  4- 6 || total
-------------------------+-------+-------++-------
Melee: Unarmed           |    31 |    23 ||    54
       Punch             |       |     2 ||     2
  Use: Potion            |     1 |       ||     1
 Stab: Sleeping          |       |     1 ||     1
  Eat: Chunk             |     3 |     6 ||     9
Armor: Robe              |    10 |     7 ||    17
Dodge: Dodged            |    16 |     8 ||    24
